 Dungeon Crawl Stone Soup version 0.31-a0-1227-g0136665373 (webtiles) character file.

Game seed: 17574004923747304744

94 Daunt the Vexing (level 4, -5/36 HPs)
             Began as a Draconian Hexslinger on Dec 14, 2023.
             Killed from afar by an orc wizard (9 damage)
             ... with a magic dart
             ... on level 3 of the Dungeon.
             The game lasted 00:04:58 (1829 turns).

Daunt the Vexing (Draconian Hexslinger)             Turns: 1829, Time: 00:05:00

Health: -5/36      AC:  5    Str: 11    XL:     4   Next: 38%
Magic:  7/7        EV: 12    Int: 19    God:
Gold:   133        SH:  5    Dex: 15    Spells: 5/7 levels left

rFire   . . .        a - +1 sling
rCold   . . .        (no shield)
rNeg    . . .        (body armour unavailable)
rPois   .            (helmet restricted)
rElec   .            (no cloak)
rCorr   .            (no gloves)
SInv    .            (no boots)
Will    .....        o - amulet of reflection
Stlth   +            l - +6 ring of intelligence
HPRegen 0.26/turn    (no ring)
MPRegen 0.10/turn

%: reflection
@: no status effects
A: AC +5, unfitting armour, cold-blooded
a: no special abilities


You were on level 3 of the Dungeon.
You visited 1 branch of the dungeon, and saw 3 of its levels.

You collected 133 gold pieces.

Inventory:

Hand Weapons
 a - a +1 sling (weapon)
Missiles
 p - 7 poisoned darts
Armour
 e - a +0 kite shield
Jewellery
 l - a +6 ring of intelligence (left hand)
 o - an amulet of reflection (around neck)
Scrolls
 b - a scroll of poison
 c - a scroll of revelation {unknown}
 f - a scroll of amnesia {unknown}
 g - a scroll of enchant armour {unknown}
 i - 2 scrolls of teleportation {unknown}
 j - a scroll of fear {unknown}
 k - 3 scrolls of identify {unknown}
 m - a scroll of noise {unknown}
 r - a scroll of fog {unknown}
Potions
 d - a potion of cancellation {unknown}
 h - a potion of mutation {unknown}
 n - 2 potions of attraction {unknown}
 q - a potion of might {unknown}
 s - a potion of haste {unknown}


   Skills:
 + Level 2.1 Fighting
 * Level 2.7 Ranged Weapons
 - Level 1.7 Dodging
 - Level 2.0 Spellcasting
 + Level 3.4 Hexes
 - Level 1.0 Fire Magic


You had 5 spell levels left.
You knew the following spells:

 Your Spells              Type           Power      Damage    Failure   Level
a - Jinxbite              Hex            30%        N/A       6%          2

Your spell library contained the following spells:

 Spells                   Type           Power      Damage    Failure   Level
 Sigil of Binding         Hex            15%        N/A       12%         3
 Inner Flame              Hex/Fire       10%        N/A       21%         3
 Cause Fear               Hex            7%         N/A       38%         4
 Dimensional Bullseye     Hex/Tloc       4%         N/A       63%         4


Dungeon Overview and Level Annotations

Branches:
Dungeon (3/15) Zot: 16101

Altars:
Ru


Innate Abilities, Weirdness & Mutations

Your plain brown scales are hard. (AC +5)
You cannot fit into any form of body armour.
You are cold-blooded and may be slowed by cold attacks.


Message History

Unknown command.
Fire: a) +1 sling
Press: ? - help, Q - select action, (/) - cycle Shift-Dir - straight line, f - you You shoot a sling bullet.
Something hits you but does no damage.
Fire: a) +1 sling
Press: ? - help, Q - select action, (/) - cycle Shift-Dir - straight line, f - you You shoot a sling bullet.
Something hits you but does no damage.
Fire: a) +1 sling
Press: ? - help, Q - select action, (/) - cycle Shift-Dir - straight line, f - you You shoot a sling bullet.
Something hits you.
* * * LOW HITPOINT WARNING * * *
You hear some strange, mumbled words.
A puff of flame appears from out of thin air!
The puff of flame misses you.
Fire: a) +1 sling
Press: ? - help, Q - select action, (/) - cycle Shift-Dir - straight line, f - you You shoot a sling bullet.
You hear some strange, mumbled words.
A puff of flame appears from out of thin air!
The puff of flame hits you.
* * * LOW HITPOINT WARNING * * *
Fire: a) +1 sling
Press: ? - help, Q - select action, (/) - cycle Shift-Dir - straight line, f - you You shoot a sling bullet.
Something hits you but does no damage.
Fire: a) +1 sling
Press: ? - help, Q - select action, (/) - cycle Shift-Dir - straight line, f - you You shoot a sling bullet.
You feel your willpower return. Something hits you but does no damage.
Fire: a) +1 sling
Press: ? - help, Q - select action, (/) - cycle Shift-Dir - straight line, f - you You shoot a sling bullet.
You hear some strange, mumbled words.
A magic dart appears from out of thin air!
The magic dart hits you!
You die...

### ..# ####### #.#
#.<....
#.#############.#####
#.##............#
######.##.#........###
#....#.##.#.####...#
##### #.##.#.##@#
##.## #....
#.##.#.##{# #.# #.###
####.##.#.#..# # #.#
#.#..
#####....##.#.#.##.#
#.# #.#.#
...................#
#.####.#.#
#####.#####........#
#......#.#
###.####............
########.#
#.................^...
#.#
#.#.####.###...#.###.#
#.#


There were no monsters in sight!

Vanquished Creatures
  An adder (D:2)
  6 worms
  A dart slug (D:2)
  An orc (D:3)
  4 ball pythons
  4 endoplasms
  3 giant cockroaches
  8 goblins
  6 hobgoblins
  A quokka (D:2)
  5 bats
  6 frilled lizards
  8 kobolds
  4 rats
58 creatures vanquished.

Vanquished Creatures (others)
  An orc wizard (D:3)
1 creature vanquished.

Grand Total: 59 creatures vanquished

Notes
Turn   | Place    | Note
-------+----------+-------------------------------------------
     0 | D:1      | Daunt the Draconian Hexslinger began the quest for the Orb.
     0 | D:1      | Reached XP level 1. HP: 16/16 MP: 2/2
   234 | D:1      | Reached skill level 3 in Hexes
   249 | D:1      | Reached XP level 2. HP: 23/23 MP: 2/4
   260 | D:1      | Learned a level 2 spell: Jinxbite
   768 | D:2      | Found a sacrificial altar of Ru.
   969 | D:2      | Reached XP level 3. HP: 28/28 MP: 5/5
  1045 | D:2      | Found a faded altar of an unknown god.
  1541 | D:3      | Reached XP level 4. HP: 36/36 MP: 7/7
  1829 | D:3      | Killed from afar by an orc wizard

Illustrated notes

Levels and vault maps discovered:
D:1:      lightli_arrival_flooded_house, layout_basic, st_stairs_9,
          minmay_misc_feat_square, nicolae_titane
D:2:      minmay_alternating_diamond, layout_loops_cross,
          chequers_ecumenical_altar_twisty, basic_altar
D:3:      layout_loops_ring, serial_bayou_pond_b, nicolae_wormholes

Skill      XL: |  1  2  3  4 |
---------------+-------------+-----
Hexes          | 3 |  3.4
Ranged Weapons | 2 |  2.7
Spellcasting   | 2 |  2.0
Fighting       | 2 |  2.1
Dodging        | |  1.7
Fire Magic     | |  1.0

Action                     |  1- 3 |  4- 6 || total
---------------------------+-------+-------++-------
   Fire: Sling             |   139 |    84 ||   223
   Cast: Jinxbite          |       |     5 ||     5
 Armour: Skin              |    28 |    29 ||    57
  Dodge: Dodged            |    33 |     6 ||    39
  Block: Other             |     2 |     2 ||     4

Table legend: (Time is in decaauts)
 A = Elapsed time spent in this place.
 B = Non-inter-level travel time spent in this place.
 C = Inter-level travel time spent in this place.
 D = Time resting spent in this place.
 E = Time spent auto-exploring this place.
 F = Levels seen in this place.
 G = Mean time per level.
                   A        B        C        D        E       F      G
               +--------+--------+--------+--------+--------+-----+--------+
         Total |   1897 |   1868 |     29 |     12 |   1396 |   3 |  632.3 |
       Dungeon |   1897 |   1868 |     29 |     12 |   1396 |   3 |  632.3 |
               +--------+--------+--------+--------+--------+-----+--------+

Top non-repeatable levels by time:
     D:1: 685 daAuts
     D:2: 671 daAuts
     D:3: 539 daAuts
